 Dungeon Crawl Stone Soup version 0.26.0-16-gc1dbca0489 (webtiles) character file.

Game seed: 10004290623536046929

174 thiole the Sneak (level 5, -5/31 HPs)
             Began as an Octopode Hedge Wizard on Jan 19, 2021.
             Was an Initiate of Sif Muna.
             Slain by a worker ant (8 damage)
             ... on level 5 of the Dungeon.
             The game lasted 00:05:36 (4092 turns).

thiole the Sneak (Octopode Hedge Wizard)            Turns: 4092, Time: 00:05:36

Health: -5/31      AC:  2    Str: 10    XL:     5   Next: 54%
Magic:  10/10      EV: 14    Int: 19    God:    Sif Muna [......]
Gold:   177        SH:  0    Dex: 11    Spells: 10/11 levels left

rFire    + . .     SeeInvis .   a - +0 dagger
rCold    . . .     Faith    .   (no shield)
rNeg     . . .     Spirit   .   b - +1 hat
rPois    .         Reflect  .   (no amulet)
rElec    .         Harm     .   p - ring of protection from fire
rCorr    .         Rampage  .   (no ring)
Will     .....                  (no ring)
Stlth    ++++......             (no ring)
HPRegen  0.10/turn              (no ring)
MPRegen  0.12/turn              (no ring)
                                (no ring)
                                (no ring)

@: mighty, attractive
A: almost no armour, stealthy swim, amphibious, 8 rings, constrict 8, camouflage
1, clever 1, gelatinous body 1
a: Renounce Religion


You were on level 5 of the Dungeon.
You worshipped Sif Muna.
Sif Muna was noncommittal.
You visited 1 branch of the dungeon, and saw 5 of its levels.

You collected 177 gold pieces.

Inventory:

Hand Weapons
 a - a +0 dagger (weapon)
Armour
 b - a +1 hat (worn)
Jewellery
 p - a ring of protection from fire (left tentacle)
 r - an uncursed ring of flight
Scrolls
 d - 4 scrolls of identify {unknown}
 e - 4 scrolls of remove curse
 g - a scroll of amnesia {unknown}
 k - 2 scrolls of enchant armour
 m - 2 scrolls of teleportation {unknown}
 s - a scroll of fog {unknown}
 t - a scroll of magic mapping {unknown}
Potions
 c - 2 potions of mutation
 f - a potion of ambrosia {unknown}
 h - 2 potions of attraction
 i - a potion of resistance {unknown}
 j - 2 potions of might
 l - 2 potions of brilliance {unknown}
 n - a potion of flight {unknown}
 o - a potion of lignification {unknown}
 q - a potion of magic {unknown}


   Skills:
 + Level 3.2 Dodging
 + Level 4.5 Stealth
 + Level 3.8 Spellcasting
 - Level 2.0 Conjurations
 - Level 2.0 Summonings
 - Level 1.0 Translocations


You had 10 spell levels left.
You knew the following spells:

 Your Spells              Type           Power        Failure   Level
a - Magic Dart            Conj           44%          6%          1

Your spell library contained the following spells:

 Spells                   Type           Power        Failure   Level
 Call Imp                 Summ           11%          10%         2
 Blink                    Tloc           N/A          14%         2
 Slow                     Hex            3%           22%         2
 Conjure Flame            Conj/Fire      7%           28%         3
 Mephitic Cloud           Conj/Pois/Air  6%           32%         3


Dungeon Overview and Level Annotations

Branches:
Dungeon (5/15)
 Temple: D:4-7

Altars:
Sif Muna


Innate Abilities, Weirdness & Mutations

You cannot wear most types of armour.
You are very stealthy in the water. (Stealth+)
You are amphibious.
You can wear up to eight rings at the same time.
You can use your tentacles to constrict eight enemies at once.
Your skin changes colour to match your surroundings (Stealth+).
Your rubbery body absorbs attacks. (AC +1, EV +1)
Your mind is acute. (Int +2)


Message History

The centaur skeleton barely misses you. The centaur skeleton barely misses you.
A worker ant comes into view.
It was a potion of mutation.
You feel extremely strange. A pair of antennae grows on your head!
The antennae on your head shrink away.
You feel clever.
It was a potion of attraction.
You feel attractive to monsters. The worker ant closely misses you.
The worker ant barely misses you.
You hit the worker ant but do no damage.
Your grab misses the worker ant. The iguana barely misses you.
The worker ant closely misses you.
It was a potion of might.
You feel very mighty all of a sudden. The iguana bites you!
* * * LOW HITPOINT WARNING * * *
The worker ant barely misses you.
You barely miss the worker ant. Your grab misses the worker ant.
The iguana closely misses you. The worker ant bites you!
You die...

.# .# .# ##. ###
#.. ..# ..# #.#
..# #.# #B# ...
#.# #@#
.#.######.######l#
#..........Zl..Z#
#....###.#####..#
#####.....# #..#
Z#....##### #..#
.#...## #..#
.#..#.#### #..#
........... ...#


You could see an iguana, a worker ant and a centaur skeleton.

Vanquished Creatures
  A hound (D:4)
  A worker ant (D:5)
  A hound skeleton (D:4)
  Robin (D:3)
  3 adders (D:2)
  2 worms (D:2)
  2 dart slugs (D:1)
  3 leopard geckos
  4 bats
  3 giant cockroaches
  13 goblins
  7 hobgoblins
  A ball python (D:5)
  A frilled lizard (D:1)
  9 kobolds
  4 rats
56 creatures vanquished.

Notes
Turn   | Place    | Note
-------+----------+-------------------------------------------
     0 | D:1      | thiole the Octopode Hedge Wizard began the quest for the
                  | Orb.
     0 | D:1      | Reached XP level 1. HP: 11/11 MP: 4/4
   206 | D:1      | Reached XP level 2. HP: 17/17 MP: 0/6
   358 | D:1      | Reached skill level 3 in Stealth
   689 | D:1      | Reached XP level 3. HP: 20/21 MP: 7/7
  1624 | D:2      | Reached XP level 4. HP: 12/27 MP: 1/8
  2413 | D:3      | Noticed Robin
  2442 | D:3      | Killed Robin
  3386 | D:3      | Found a shimmering blue altar of Sif Muna.
  3389 | D:3      | Became a worshipper of Sif Muna the Loreminder
  3410 | D:4      | Noticed a phantom
  3457 | D:4      | Noticed an ogre
  3486 | D:4      | Reached skill level 4 in Stealth
  3486 | D:4      | Reached XP level 5. HP: 28/31 MP: 7/10
  3563 | D:5      | Entered Level 5 of the Dungeon
  3995 | D:5      | Noticed a phantom
  4088 | D:5      | Gained mutation: You have a pair of small antennae on your
                  | head. [potion of mutation]
  4088 | D:5      | Lost mutation: You have a pair of small antennae on your
                  | head. [potion of mutation]
  4088 | D:5      | Gained mutation: Your mind is acute. (Int +2) [potion of
                  | mutation]
  4092 | D:5      | Slain by a worker ant

Illustrated notes

Levels and vault maps discovered:
D:1:      psy_arrival_basics, layout_basic, serial_bayou_crossing
D:2:      layout_basic
D:3:      layout_loops_ring, lemuel_blue_sif_altar, uniq_robin
D:4:      cheibrodos_pilgrimage, layout_loops_corners, uniq_ijyb, uniq_natasha,
          uniq_edmund
D:5:      layout_loops_ring, basic_altar, gup_sewer_entry_glass

Skill      XL: |  1  2  3  4  5 |
---------------+----------------+-----
Stealth        | 3 4 |  4.5
Summonings     | 2 |  2.0
Conjurations   | 2 |  2.0
Dodging        | 3 |  3.2
Spellcasting   | |  3.8
Translocations | |  1.0

Action                   |  1- 3 |  4- 6 || total
-------------------------+-------+-------++-------
Melee: Dagger            |    40 |    49 ||    89
       Constrict         |    13 |    11 ||    24
       Tentacles         |     7 |     4 ||    11
 Cast: Magic Dart        |    65 |    49 ||   114
  Use: Potion            |     1 |     5 ||     6
       Scroll            |       |     2 ||     2
 Stab: Sleeping          |     2 |     1 ||     3
Armor: Skin              |     4 |     3 ||     7
Dodge: Dodged            |    36 |    30 ||    66
